 Dungeon Crawl Stone Soup version 0.22.0-27-ga576289 (webtiles) character file.

25 shmeve the Chopper (level 2, 0/27 HPs)
             Began as a Minotaur Berserker on Aug 22, 2018.
             Was a Believer of Trog.
             Slain by a rat (2 damage)
             ... on level 2 of the Dungeon.
             The game lasted 00:02:25 (1149 turns).

shmeve the Chopper (Minotaur Berserker)             Turns: 1149, Time: 00:02:27

Health: 0/27       AC:  5    Str: 21    XL:     2   Next: 86%
Magic:  1/1        EV: 12    Int:  4    God:    Trog [**....]
Gold:   70         SH:  0    Dex:  9    Spells: 1/1 levels left

rFire    . . .     SeeInvis .   a - +0 hand axe
rCold    . . .     Gourm    .   (no shield)
rNeg     . . .     Faith    .   b - +0 animal skin
rPois    .         Spirit   .   (helmet restricted)
rElec    .         Reflect  .   r - +0 cloak
rCorr    .         Harm     .   (no gloves)
MR       .....                  k - +1 pair of boots
Stlth    +.........             (no amulet)
HPRegen  0.09/turn              (no ring)
MPRegen  0.07/turn              (no ring)

@: lethally poisoned (0 -> -7)
A: retaliatory headbutt, horns 2
a: Berserk, Trog's Hand, Renounce Religion


You were on level 2 of the Dungeon.
You worshipped Trog.
Trog was pleased with you.
You were not hungry.

You visited 1 branch of the dungeon, and saw 2 of its levels.

You collected 70 gold pieces.

Inventory:

Hand Weapons
 a - a +0 hand axe (weapon)
Armour
 b - a +0 animal skin (worn)
 k - a +1 pair of boots (worn)
 p - a +0 large shield
 r - a +0 cloak (worn)
Scrolls
 e - a scroll of random uselessness {unknown}
 h - 2 scrolls of amnesia {unknown}
 i - 2 scrolls of blinking {unknown}
 j - 2 scrolls of teleportation {unknown}
 n - 4 scrolls of identify {unknown}
 q - a scroll of enchant armour {unknown}
Potions
 d - a potion of curing {unknown}
 f - a potion of cancellation {unknown}
 g - a potion of agility {unknown}
 l - a potion of degeneration {unknown}
 o - a potion of berserk rage {unknown}
 s - a potion of invisibility {unknown}
Comestibles
 c - 4 rations
 m - 8 chunks of flesh


   Skills:
 - Level 3.8 Fighting
 - Level 3.9 Axes
 - Level 0.9 Throwing
 - Level 2.6 Armour
 - Level 2.4 Dodging
 + Level 1.5 Shields


You had one spell level left.
You didn't know any spells.
Your spell library was empty.

Dungeon Overview and Level Annotations

Branches:
Dungeon (2/15)

Altars:


Innate Abilities, Weirdness & Mutations

You reflexively headbutt those who attack you in melee.
You have a pair of horns on your head.


Message History

You barely miss the scorpion. You headbutt the scorpion.
The scorpion is lightly wounded.
You hit the rat but do no damage. The rat bites you but does no damage.
The scorpion stings you. The rat closely misses you.
You hit the scorpion but do no damage.
The scorpion is lightly wounded.
You barely miss the rat. The scorpion stings you. The rat closely misses you.
You barely miss the scorpion. You headbutt the scorpion.
The scorpion is heavily wounded.
You barely miss the kobold. You hit the rat. The scorpion stings you!
* * * LOW HITPOINT WARNING * * *
The rat barely misses you. The kobold hits you.
* * * LOW HITPOINT WARNING * * *
You barely miss the scorpion.
The scorpion is heavily wounded.
You barely miss the rat. You hit the kobold. The scorpion stings you.
* * * LOW HITPOINT WARNING * * *
You are lethally poisoned!
The scorpion poisons you! The rat bites you.
You die...

###..
###...####
#........# ..
#........# #.#
#........# #.#
#........# #.#
#..Krs...# #.#
#...@....# #.#
#..(.....# #.#
##........#
..#
####.........#
..###
#............#
)...#
#(#####..#####
....#
#.####..>#
.##<###
#.#....#.##
.##...#
#...####..#


You could see a scorpion, a kobold and a rat.

Vanquished Creatures
  A giant cockroach (D:2)
  5 goblins
  3 hobgoblins (D:2)
  4 bats
  3 frilled lizards
  6 kobolds
  3 rats
25 creatures vanquished.

Notes
Turn   | Place    | Note
-------+----------+-------------------------------------------
     0 | D:1      | shmeve the Minotaur Berserker began the quest for the Orb.
     0 | D:1      | Reached XP level 1. HP: 19/19 MP: 0/0
   455 | D:1      | Reached XP level 2. HP: 22/27 MP: 1/1
  1055 | D:2      | Reached skill level 1 in Shields
  1066 | D:2      | Reached ** piety under Trog
  1141 | D:2      | Noticed a scorpion
  1149 | D:2      | Slain by a rat

Skill      XL: |  1  2 |
---------------+-------+-----
Shields        | 1 |  1.5
Fighting       | |  3.8
Axes           | |  3.9
Throwing       | |  0.9
Armour         | |  2.6
Dodging        | |  2.4

Action                   || total
-------------------------++-------
Melee: Hand axe          ||    47
       Headbutt          ||     3
 Stab: Sleeping          ||     1
  Eat: Chunk             ||     1
Armor: Animal skin       ||    15
Dodge: Dodged            ||    34
